 Dungeon Crawl Stone Soup version 0.25.1-4-g9407a263a5 (webtiles) character file.

Game seed: 3605637349540807444

193 Clowwww the Chopper (level 5, -20/60 HPs)
             Began as a Demonspawn Gladiator on Nov 28, 2020.
             Demolished by an orc warrior
             ... wielding a +0 glaive
              (23 damage)
             ... on level 3 of the Dungeon.
             The game lasted 00:05:35 (3161 turns).

Clowwww the Chopper (Demonspawn Gladiator)          Turns: 3161, Time: 00:05:36

Health: -20/60     AC:  5    Str: 15    XL:     5   Next: 43%
Magic:  5/5        EV: 13    Int:  9    God:
Gold:   61         SH:  0    Dex: 15    Spells: 4/4 levels left

rFire    . . .     SeeInvis .   a - +0 war axe
rCold    . . .     Gourm    .   (no shield)
rNeg     . . .     Faith    .   b - +0 leather armour
rPois    .         Spirit   .   (helmet restricted)
rElec    .         Reflect  .   (no cloak)
rCorr    .         Harm     .   (no gloves)
MR       .....                  (no boots)
Stlth    ..........             (no amulet)
HPRegen  0.20/turn              (no ring)
MPRegen  0.09/turn              (no ring)

@: berserking (expiring), very quick
A: antennae 1, molten scales 1, rot immunity
a: no special abilities


You were on level 3 of the Dungeon.
You were very hungry.

You visited 1 branch of the dungeon, and saw 4 of its levels.

You collected 61 gold pieces.

Inventory:

Hand Weapons
 a - a +0 war axe (weapon)
Missiles
 d - 3 throwing nets (quivered)
Armour
 b - a +0 leather armour (worn)
 c - a +0 helmet
Jewellery
 i - an uncursed amulet of reflection
Scrolls
 h - a scroll of enchant armour {unknown}
 j - a scroll of enchant weapon {unknown}
 l - a scroll of noise {unknown}
 m - a scroll of remove curse {unknown}
Potions
 e - a potion of berserk rage
 g - a potion of haste {unknown}
 k - a potion of flight {unknown}
 n - a potion of heal wounds {unknown}
Comestibles
 f - 2 rations
 o - a chunk of flesh


   Skills:
 + Level 2.8 Fighting
 + Level 4.4 Axes
 + Level 1.9 Throwing
 + Level 1.1 Armour
 + Level 3.4 Dodging
 + Level 0.4 Stealth


You had 4 spell levels left.
You didn't know any spells.
Your spell library was empty.

Dungeon Overview and Level Annotations

Branches:
Dungeon (4/15)
 Temple: D:4-7

Altars:


Innate Abilities, Weirdness & Mutations

You have a pair of small antennae on your head.
You are partially covered in molten scales. (AC +2)
You are immune to rotting.


Message History

You slice Terence!!
You kill Terence!
You climb upwards.
You feel a strong urge to attack something.
The orc hits you but does no damage.
There is a stone staircase leading down here.
You closely miss the orc. The orc hits you but does no damage.
You slash the orc!
You kill the orc!
The orc warrior closely misses you.
You slash the orc warrior!
The orc warrior is moderately wounded.
You hit the orc warrior.
The orc warrior is heavily wounded.
The orc warrior hits you with a +0 glaive!
* * * LOW HITPOINT WARNING * * *
You barely miss the orc warrior.
The orc warrior is heavily wounded.
The orc warrior hits you with a +0 glaive!!
You die...

## ..# #.#
##.##
####...####
#.........#
#>........# #
#@........#
.#
#.o.......#
.#
#.........#
.#
#.........#
.##
###.......###
..+
.........##
###
###...#.##
##.##.#
#.....#


You could see an orc warrior.

Vanquished Creatures
  An orc wizard (D:3)
  Terence (D:4)
  4 gnolls (D:3)
  2 adders (D:2)
  3 worms (D:2)
  6 dart slugs
  2 leopard geckos (D:1)
  An orc (D:3)
  A ball python (D:2)
  4 giant cockroaches
  8 goblins
  9 hobgoblins
  2 jackals (D:1)
  9 bats
  4 kobolds
  6 rats
63 creatures vanquished.

Notes
Turn   | Place    | Note
-------+----------+-------------------------------------------
     0 | D:1      | Clowwww the Demonspawn Gladiator began the quest for the
                  | Orb.
     0 | D:1      | Reached XP level 1. HP: 16/16 MP: 1/1
    70 | D:1      | Gained mutation: You have a pair of small antennae on your
                  | head. [demonic ancestry]
    70 | D:1      | Reached XP level 2. HP: 9/22 MP: 2/2
   524 | D:1      | Reached skill level 3 in Axes
   714 | D:1      | Gained mutation: You are partially covered in molten
                  | scales. (AC +2) [demonic ancestry]
   714 | D:1      | Reached XP level 3. HP: 27/27 MP: 3/3
  1644 | D:2      | Gained mutation: You are immune to rotting. [demonic
                  | ancestry]
  1644 | D:2      | Reached XP level 4. HP: 20/34 MP: 4/4
  2743 | D:3      | Reached skill level 1 in Armour
  3055 | D:3      | Noticed an orc warrior
  3057 | D:3      | Reached skill level 4 in Axes
  3057 | D:3      | Reached XP level 5. HP: 38/39 MP: 5/5
  3119 | D:3      | Noticed Terence
  3153 | D:4      | Killed Terence
  3160 | D:3      | HP: 3/60 [orc warrior/+0 glaive (8)]
  3161 | D:3      | Demolished by an orc warrior

Illustrated notes

Levels and vault maps discovered:
D:1:      shiori_arrival_maze, layout_basic
D:2:      layout_basic
D:3:      layout_loops_corners, uniq_ijyb, uniq_terence
D:4:      layout_rooms, temple_green, first_ration

Skill      XL: |  1  2  3  4 |
---------------+-------------+-----
Dodging        | 3 |  3.4
Axes           | 3 4 |  4.4
Armour         | 1 |  1.1
Fighting       | |  2.8
Throwing       | |  1.9
Stealth        | |  0.4

Action                   |  1- 3 |  4- 6 || total
-------------------------+-------+-------++-------
Melee: War axe           |   105 |    85 ||   190
  Use: Potion            |       |     1 ||     1
 Stab: Sleeping          |     1 |       ||     1
  Eat: Chunk             |     2 |     4 ||     6
Armor: Leather armour    |    38 |    26 ||    64
Dodge: Dodged            |    94 |    69 ||   163
